 Dungeon Crawl Stone Soup version 0.26.0-45-g9c1d065592 (webtiles) character file.

Game seed: 13248093543173601583

53 kaeus the Firebug (level 3, 0/19 HPs)
             Began as a Gargoyle Fire Elementalist on Jan 29, 2021.
             Slain by a centaur (4 damage)
             ... on level 2 of the Dungeon.
             The game lasted 00:01:31 (1744 turns).

kaeus the Firebug (Gargoyle Fire Elementalist)      Turns: 1744, Time: 00:01:32

Health: 0/19       AC:  6    Str: 11    XL:     3   Next: 89%
Magic:  1/6        EV: 12    Int: 16    God:
Gold:   89         SH:  0    Dex: 10    Spells: 2/6 levels left

rFire    + . .     SeeInvis .   g - +0 short sword
rCold    x . .     Faith    .   (no shield)
rNeg     + . .     Spirit   .   a - +0 robe
rPois    ∞         Reflect  .   k - +0 helmet
rElec    +         Harm     .   (no cloak)
rCorr    .         Rampage  .   (no gloves)
Will     .....                  (no boots)
Stlth    ++........             (no amulet)
HPRegen  0.06/turn              f - ring of wizardry
MPRegen  0.10/turn              b - ring of fire

@: no status effects
A: negative energy resistance 1, electricity resistance, unbreathing,
petrification resistance, miasma immunity, AC +3
a: no special abilities


You were on level 2 of the Dungeon.
You visited 1 branch of the dungeon, and saw 2 of its levels.

You collected 89 gold pieces.

Inventory:

Hand Weapons
 g - a +0 short sword (weapon)
Missiles
 l - 10 poisoned darts
Armour
 a - a +0 robe (worn)
 k - a +0 helmet (worn)
Jewellery
 b - a ring of fire (right hand)
 f - a ring of wizardry (left hand)
 i - an uncursed amulet of faith
Scrolls
 c - a scroll of identify {unknown}
 d - 2 scrolls of teleportation {unknown}
Potions
 e - a potion of invisibility {unknown}
 h - a potion of curing {unknown}
 j - a potion of brilliance {unknown}


   Skills:
 - Level 1.5 Dodging
 - Level 2.1 Stealth
 + Level 2.4 Spellcasting
 * Level 2.6 Conjurations
 * Level 3.7 Fire Magic


You had 2 spell levels left.
You knew the following spells:

 Your Spells              Type           Power        Failure   Level
a - Foxfire               Conj/Fire      72%          2%          1
b - Conjure Flame         Conj/Fire      18%          6%          3

Your spell library contained the following spells:

 Spells                   Type           Power        Failure   Level
 Inner Flame              Hex/Fire       11%          12%         3
 Sticky Flame             Conj/Fire      18%          21%         4
 Fireball                 Conj/Fire      9%           50%         5


Dungeon Overview and Level Annotations

Branches:
Dungeon (2/15)

Altars:


Innate Abilities, Weirdness & Mutations

You are resistant to torment.
Your stone body is resilient. (AC +3)
You are immune to poison.
You resist negative energy. (rN+)
You are resistant to electric shocks. (rElec)
You can survive without breathing.
You are immune to petrification.
You are immune to miasma.


Message History

You closely miss the centaur.
The centaur is severely wounded.
The centaur barely misses you. The centaur completely misses you.
You barely miss the centaur.
The centaur is severely wounded.
The centaur hits you.
* * * LOW HITPOINT WARNING * * *
You take 5 damage, and have 5/19 hp.
MASSIVE DAMAGE!!
You hit the centaur but do no damage.
The centaur is severely wounded.
The centaur misses you. The centaur hits you.
* * * LOW HITPOINT WARNING * * *
You take 1 damage, and have 4/19 hp.
You hit the centaur.
The centaur is almost dead.
The centaur barely misses you.
You barely miss the centaur.
The centaur is almost dead.
The centaur misses you. The centaur hits you.
You die...

#..÷..........#
#.##..........#
#.##..........#
#.##..........#
#.#..........##
###.##.........#
#...##....)....# .
#.####.........#####...
#.# #....÷(.@c#.......
#.# ##>.....(>(.......
#.# #....#.###.......
#.# #.##.#÷###.......
#.#####.##.#...########
#.#...#.##.###.#
#.#.#.#.##'#...######
#.#.#.#.#.......)...#
#.#.#.#.#...........#


You could see a centaur.

Vanquished Creatures
  Natasha (D:2)
  A dart slug (D:1)
  2 bats
  5 giant cockroaches
  3 goblins
  2 jackals (D:1)
  A ball python (D:1)
  6 frilled lizards
  3 kobolds (D:1)
  6 rats
30 creatures vanquished.

Vanquished Creatures (others)
  100 foxfires
100 creatures vanquished.

Grand Total: 130 creatures vanquished

Notes
Turn   | Place    | Note
-------+----------+-------------------------------------------
     0 | D:1      | kaeus the Gargoyle Fire Elementalist began the quest for
                  | the Orb.
     0 | D:1      | Reached XP level 1. HP: 10/10 MP: 3/3
   465 | D:1      | Reached XP level 2. HP: 15/15 MP: 0/5
  1371 | D:2      | Reached XP level 3. HP: 19/19 MP: 3/6
  1406 | D:2      | Noticed Natasha
  1415 | D:2      | Killed Natasha
  1441 | D:2      | Learned a level 3 spell: Conjure Flame
  1725 | D:2      | Noticed a centaur
  1744 | D:2      | Slain by a centaur

Illustrated notes

Levels and vault maps discovered:
D:1:      shiori_arrival_whats_in_store_for_you, layout_basic
D:2:      layout_basic, uniq_natasha, uniq_sigmund, uniq_terence,
          uniq_crazy_yiuf_cottage

Skill      XL: |  1  2 |
---------------+-------+-----
Conjurations   | 2 |  2.6
Dodging        | |  1.5
Stealth        | |  2.1
Spellcasting   | |  2.4
Fire Magic     | |  3.7

Action                   || total
-------------------------++-------
Melee: Unarmed           ||     3
       Short sword       ||    29
 Cast: Foxfire           ||    71
 Stab: Sleeping          ||     1
Armor: Robe              ||    14
Dodge: Dodged            ||    23
